Cogmind - Beta 15 @@@ ROGUE MODE // 2025.10.10 @ 18:47:02 Player: Jordan Result: Destroyed by S-10 Pest with Light Assault Rifle Performance ------------- Evolutions (0) 0 Regions Visited (1) 200 Robots Destroyed (16) 80 Value Destroyed (239) 239 Prototype IDs (0) 0 Alien Tech Used (0) 0 Bonus (0) 0 TOTAL SCORE: 519 Bonus ------- None Cogmind --------- Core Integrity 0/250 Matter 132/300 Energy 38/100 System Corruption 0% Temperature Cool (12) Movement Hovering (180) Ox2 Location -10/Materials Parts ------- > --- POWER (1) -------- (None) > --- PROPULSION (2) --- Improved Hover Unit > --- UTILITY (2) ------ Large Storage Unit > --- WEAPON (2) ------- (None) > --- INVENTORY (15) --- (None) Peak State ------------ > --- POWER ------------ Light Ion Engine > --- PROPULSION ------- Improved Hover Unit Improved Hover Unit > --- UTILITY ---------- Improved Terrain Scanner Terrain Scan Processor > --- WEAPON ----------- Light EM Pulse Cannon Light EM Pulse Cannon > --- INVENTORY -------- Wheel Wheel Large Storage Unit [Rating: 14] Favorites ----------- Power Light Ion Engine Engine Light Ion Engine Propulsion Improved Hover Unit Leg Aluminum Leg Wheel Wheel Hover Unit Improved Hover Unit Utility Improved Terrain Scanner Device Improved Terrain Scanner Storage Large Storage Unit Processor Terrain Scan Processor Weapon Light EM Pulse Cannon Energy Gun Small Laser Energy Cannon Light EM Pulse Cannon Special Weapon Mining Laser Build | -11 -10 ------- Run | Yrd Mat Slots Evolved . | . . Power . | . . Propulsion . | . . Utility . | . . Weapon . | . . Parts Attached 24 | 12 12 Power 2 | 1 1 Engine 2 | 1 1 Core . | . . Reactor . | . . Propulsion 9 | 6 3 Treads . | . . Leg 2 | 2 . Wheel 5 | 4 1 Hover 2 | . 2 Flight . | . . Utility 6 | 1 5 Device 1 | 1 . Storage 4 | . 4 Processor 1 | . 1 Hackware . | . . Protection . | . . Artifact . | . . Weapon 7 | 4 3 Energy Gun 2 | 2 . Energy Cannon 2 | . 2 Ballistic Gun . | . . Ballistic Cannon . | . . Launcher . | . . Special Weapon 3 | 2 1 Impact Weapon . | . . Slashing Weapon . | . . Piercing Weapon . | . . Special Melee Weapon . | . . Unidentified Prototypes . | . . Parts Lost 7 | . 7 Power 1 | . 1 Propulsion 2 | . 2 Utility . | . . Weapon 4 | . 4 Highest Loss Streak 3 | . 3 To Critical Strikes . | . . Average Backups 1 | 2 1 Power . | . . Propulsion 1 | 2 1 Utility . | . . Weapon . | . . Tool/Special . | . . Unused Backups 1 | 1 . Power . | . . Propulsion . | . . Utility . | . . Weapon 1 | 1 . Tool/Special . | . . Average Slot Usage (%) 80 | . 80 Engine 10 | . 10 Wheel 9 | . 9 Hover 16 | . 16 Device 6 | . 6 Storage 12 | . 12 Energy Cannon 17 | . 17 Special Weapon 6 | . 6 Peak Build Rating 14 | 8 14 Average Rating 6 | 3 9 On Entrance 4 | . 8 Naked Turns . | . . Heaviest Build 32 | 6 32 Greatest Support 20 | 20 20 Greatest Overweight (x) 4 | 1 4 Average Overweight (x) . | . 1 Largest Inventory Capacity 15 | 5 15 Average Capacity 9 | 5 12 Most Carried 5 | 5 4 Average Carried 1 | 2 1 Final Capacity 15 | 5 15 Final Carried 3 | 3 . Class Distribution -------------------- 50% | Scavenger-Mutant 49% | Mutant Dominant Class ---------------- Mutant | -10/Materials Resources | -11 -10 ----------- Run | Yrd Mat Matter Collected 395 | 358 37 Remotely . | . . Salvage Created 281 | 126 155 Parts 33 | 16 17 Haulers Intercepted . | . . Recyclers Shooed . | . . Parts Field Recycled . | . . Retrieved Matter . | . . Parts Self-Destructed . | . . Prevented . | . . Kills | -11 -10 ------- Run | Yrd Mat Combat Hostiles Destroyed 4 | 1 3 Guns 1 | 1 . Cannons 3 | . 3 Classes Destroyed 6 | 3 3 Worker 5 | 1 4 Builder 1 | . 1 Tunneler 5 | 4 1 Recycler 1 | . 1 Swarmer 2 | . 2 Grunt 2 | 1 1 Best Kill Streak 7 | 4 7 Combat Bots Only 2 | 1 2 Max Kills in Single Turn 5 | 1 5 Gunslinging . | . . Exploded . | . . Melee . | . . Uniques/NPCs Destroyed . | . . Combat | -11 -10 -------- Run | Yrd Mat Hostile Shots Fired 69 | 9 60 Missed 17 | 3 14 Hits 52 | 6 46 Projectile 52 | 6 46 Damage Taken 727 | 68 659 Core 251 | 45 206 Absorbed by Shields . | . . Core Remaining (%) 82 | 82 . Volleys Fired 30 | 12 18 Largest 2 | 2 2 Hottest 200 | 80 200 Shots Fired 47 | 24 23 Gun 24 | 24 . Cannon 11 | . 11 Launcher . | . . Special 12 | . 12 Kinetic . | . . Thermal 36 | 24 12 Explosive . | . . Electromagnetic 11 | . 11 Robot Hit Streak 6 | 6 5 Robot Miss Streak 3 | 3 3 Penetration Max . | . . Secondary Targets . | . . Shots Hit Robots 25 | 12 13 Core Hits 17 | 7 10 Critical Kills . | . . Critical Parts Destroyed . | . . Critical Strikes . | . . Melee Attacks . | . . Impact . | . . Slashing . | . . Piercing . | . . Sneak Attacks . | . . Combat Hostiles . | . . Follow-up Attacks . | . . Damage Inflicted 916 | 151 765 Guns 143 | 143 . Cannons 127 | . 127 Explosions 470 | . 470 Melee . | . . Ramming 8 | 8 . Kinetic . | . . Thermal 781 | 143 638 Explosive . | . . Electromagnetic 127 | . 127 Impact . | . . Slashing . | . . Piercing . | . . Highest Corruption . | . . Average Corruption . | . . Corruption Purged . | . . Corruption Blocked . | . . Overload Shots . | . . Overflow Damage 73 | . 73 Projectiles . | . . Explosions 73 | . 73 Melee . | . . Knockbacks . | . . Impact . | . . Kinetic . | . . Secondary . | . . Self-Inflicted Damage 160 | 4 156 Shots 3 | . 3 Rammed 1 | 1 . Targets Rammed 1 | 1 . Kicked . | . . Crushed . | . . Highest Temperature 291 | 36 291 Average Temperature 78 | 11 106 Received Heat Transfer 186 | 36 150 Siege Activations . | . . Martial Activations . | . . Shielding Activations . | . . Robots Disrupted . | . . Combat Hostiles . | . . Robots Corrupted . | . . Combat Hostiles . | . . Parts Fried . | . . Impact Corruptions . | . . Robots Melted . | . . Combat Hostiles . | . . Parts Melted 2 | 1 1 Heat Transferred 1025 | 325 700 Parts Sabotaged . | . . Parts Stolen . | . . Parts Stripped . | . . Power Chain Reactions 1 | . 1 Alert | -11 -10 ------- Run | Yrd Mat Maximum Alert Level 1 | . 1 Low Security (%) 97 | 100 95 Level 1 2 | . 4 Level 2 . | . . Level 3 . | . . Level 4 . | . . Level 5 . | . . High Security . | . . Max Security . | . . Peak Influence 253 | 20 253 Initial . | . . Average 11 | 1 18 Influence Increases 382 | 45 337 Destroy 0b10 Robot/C 80 | 20 60 Destroy 0b10 Robot/NC 60 | 25 35 Destroy Leader 10 | . 10 Successful Hack 21 | . 21 Disable Machine 150 | . 150 Destroy Structure 46 | . 46 Lose Combat Pursuer 15 | . 15 Influence Decreases 123 | 45 78 Time Decay 87 | 45 42 Lost Part 36 | . 36 Squads Dispatched 1 | . 1 Investigation . | . . Extermination . | . . Reinforcement 1 | . 1 Assault . | . . Garrison . | . . Intercept . | . . Searches Triggered . | . . Construction Impeded . | . . Haulers Reinforced . | . . Active Scanning Responses . | . . Cargo Convoy Interrupts . | . . Stealth | -11 -10 --------- Run | Yrd Mat Distress Signals 1 | . 1 Communications Jammed . | . . Distress Signals . | . . Times Spotted 10 | 1 9 Peak Tracking Total 3 | 1 3 Tactical Retreats 1 | . 1 Traps | -11 -10 ------- Run | Yrd Mat Traps Triggered 1 | . 1 Indirectly . | . . Trap Hack Attempts . | . . Triggered . | . . Disarmed . | . . Reprogrammed . | . . Reused . | . . Traps Extracted . | . . Installed . | . . Triggered . | . . Machines | -11 -10 ---------- Run | Yrd Mat Machines Disabled 10 | . 10 Max in Single Turn 9 | . 9 Machines Repaired . | . . Machines Dismantled . | . . Machines Sabotaged . | . . Overloaded Fab Kills . | . . Hacking | -11 -10 --------- Run | Yrd Mat Machines Accessed 1 | . 1 Terminals 1 | . 1 Fabricators . | . . Repair Stations . | . . Recycling Units . | . . Scanalyzers . | . . Garrison Access . | . . Total Hacks 7 | . 7 Successful 6 | . 6 Failed 1 | . 1 Catastrophic . | . . Database Lockouts . | . . Manual . | . . Terminals 7 | . 7 Fabricators . | . . Repair Stations . | . . Recycling Units . | . . Scanalyzers . | . . Garrison Access . | . . Terminal Hacks 6 | . 6 Record 3 | . 3 Recycling Unit Index 1 | . 1 Dispatch Records 1 | . 1 Surveillance Status 1 | . 1 Fabricator Hacks . | . . Repair Station Hacks . | . . Recycling Unit Hacks . | . . Scanalyzer . | . . Garrison Access Hacks . | . . Unauthorized Hacks . | . . Terminals . | . . Fabricators . | . . Repair Stations . | . . Recycling Units . | . . Scanalyzers . | . . Garrison Access . | . . Data Cores Recovered . | . . Used . | . . Hacking Detections 1 | . 1 Full Trace Events . | . . Feedback Events . | . . Feedback Blocked . | . . Robot Schematics Acquired . | . . Robots Built . | . . Authchips . | . . Time . | . . Total Robot Build Rating . | . . Part Schematics Acquired . | . . Parts Built . | . . Authchips . | . . Time . | . . Total Part Build Rating . | . . Parts Repaired . | . . Time . | . . Parts Recycled . | . . Recycled Matter . | . . Retrieved Matter . | . . Retrieved Components . | . . Parts Scanalyzed . | . . Part Schematics Acquired . | . . Parts Damaged . | . . Bothacking | -11 -10 ------------ Run | Yrd Mat Used RIF Installer . | . . Robots Hacked . | . . Non-combat . | . . Combat . | . . Robot Hacks Applied . | . . Relay Couplers Released . | . . Fabnet Peak Effective % . | . . Robots Rewired . | . . Allies Hacked . | . . Hacks Repelled . | . . Allies | -11 -10 -------- Run | Yrd Mat Total Allies . | . . Largest Group . | . . Highest-Rated Group . | . . Highest-Rated Ally . | . . Total Orders . | . . Ally Attacks . | . . Total Damage . | . . Kills . | . . Allies Corrupted . | . . Allies Melted . | . . Intel | -11 -10 ------- Run | Yrd Mat Active Infowar (turns) 379 | 100 279 Terrain 379 | 100 279 Robot Analysis Total . | . . Derelict Logs Recovered . | . . Drone Launches . | . . Drone Recoveries . | . . Exploration | -11 -10 ------------- Run | Yrd Mat Turns Passed 1013 | 419 594 Spaces Moved 907 | 504 403 Core 352 | 352 . Treads . | . . Legs . | . . Wheels 339 | 152 187 Hover 216 | . 216 Flight . | . . Fastest Speed 50 | 50 56 Average Speed 86 | 59 121 Slowest Speed 305 | 100 305 Overloaded Moves . | . . Propulsion Burnouts . | . . Robots Hopped . | . . Potential Cave-ins . | . . Cave-ins Triggered . | . . Exploration Rate (%) 22 | 8 37 Regions Visited 1 Branch Regions . Pre-discovered Areas . | . . Known Exits Taken . | . . Unknown Exits Taken 1 | 1 . Scrap Searched . | . . Spaces Dug . | . . Terrain Destroyed 45 | . 45 Melee . | . . Projectile 2 | . 2 AOE 43 | . 43 Terrain Rammed . | . . Walls Destroyed . | . . Machines Disabled . | . . Actions | -11 -10 --------- Run | Yrd Mat Total 1067 | 602 465 Wait 40 | 33 7 Move 906 | 503 403 Hop . | . . Pick Up 19 | 12 7 Fast Attach 6 | 3 3 Attach 20 | 13 7 Detach 16 | 10 6 Swap 14 | 9 5 Drop 15 | 6 9 Fire 30 | 12 18 Melee . | . . Ram 1 | 1 . Kick . | . . Crush . | . . Escape Stasis . | . . Rewire . | . . Trap . | . . Miscellaneous . | . . Route ------- -11/Scrapyard -10/Materials (discovered 1 exit: [*Mat]) History --------- Turn | Location | Event 2 | -11/Scrapyard | Met Revision 17 158 | -11/Scrapyard | Discovered new exit (range 8) 420 | -11/Scrapyard | Entered Materials 421 | -10/Materials | Build established: Scavenger-Mutant 519 | -10/Materials | Lost 3 parts (1n2w) 605 | -10/Materials | Discovered new exit (range 8) 928 | -10/Materials | Build established: Mutant 967 | -10/Materials | Core integrity fell below 50% 996 | -10/Materials | Core integrity fell below 20% 1014 | -10/Materials | Destroyed by S-10 Pest with Light Assault Rifle Last Messages --------------- >>Index(Recycling Units) Found 2 recycling units. Downloaded coordinate data. >>Enumerate(Squads) Retrieving dispatch records... Found 8 active squads: 3x Surveillance 2x Patrol 2x Transport 1x Reinforcement >>Enumerate(Surveillance) Retrieving latest reported positions... Found 3 active surveillance squads. Downloaded coordinate data. S-10 Pest destroyed. Chain reaction triggered in Lgt. Ion Engine. Lgt. EM Pulse Cannon destroyed. Destroyed Lgt. EM Pulse Cannon. Terminal disabled. [Achievement: First Step to Greatness] Map ----- +----------------------------------------------------+ | ??????????????? #?????????# """ #?? | | ?????????????? ##????????# """ #?? | | ?????????????? "########## #?# | | ????????????? " # #?? | | ????????????? " # """ #?# | | ???????????? # """ #?? | | ???????????? # """ #?? | | ????????????? " # " #?? | | ????????????? " # " #?? | | ????????????? " # #?# | | ???????????? ! % # # #?? | | ???????????? %! = = #####+##### ### | | ????????????"! "" " "#%* | | ?????????????# "####### | | ?????????????? #???????# | | ?????????????????????????# ##############+######+# | | ?????????????????????????# #????????????? #????? | | ?????????????????????????# #?????????????" #????? | | ?????????????????????????# #?????????????" #????? | | ?????????????????????????# #?????????????" #?????? | | ?????????????????????????#[#?????????????? ??????? | | ??????????????????????####%##????????????????????? | | ??????????????????????# = ########+##???????? ?? | | ??????????????????????# #??????????? | | ??????????????????????# s #??????????? | | ??????????????????????# @ #????? ????? | | ?????????????????????#;! ####### #??????"???? | | ?????????????????????########?????# #??????????? | | ??????????????????????????????????# ???????????" | | ???????????????????????????######## #????????? ? | | ??????????????????????????? #######+###? | | ?????????????????????????? ### | | ??????????????????????????? | | ???????????????????????????????#??# !!! | | ??????????????????????????????????# !!! ### | | ??????????????????????????????????# !! #?# | | ??????????????????????????????????# ##? | | ??????????????????????????????????# #?# | | ?????????????????????????????? ???# #?? | | ??????????????????????????????????# ### | | ??????????????????????????????????+ | | ??????????????????????????????????# | | ??????????????????????????????????# ############ | | ??????????????????????????????????# #??????????? | | ????????????????????????#?????????#####???????? ?? | | ??????????????????????????????????????????????"??? | | ?????????????????????????????????????????????????? | | ?????????????????????????????????????????????????? | | ??????????????????????????????#??????????????????? | | ????????????????????????????????????#????????????? | +----------------------------------------------------+ Best States ------------- Heat Dissipation 25 Energy Generation 10 Energy Capacity 125 Matter Stores 256 Matter Capacity 500 Sight Range 16 Terrain Scan Range 16 Terrain Scan Density 10 Evasion (%) 50 Item Schematics ----------------- None Robot Schematics ------------------ None Fabricated ------------ Nothing Repaired ---------- Nothing Alien Tech Used ----------------- None Achievements -------------- First Step to Greatness Uninvited Guest Challenges ------------ None Game ------ Seed SpectralArmorFragment Manual? 0 Play Time 00:51:13 Cumulative 0.8 hours Start 2025.10.10 @ 17:29:13 End 2025.10.10 @ 18:47:02 Sessions 2 Manual Loads 0 Difficulty Rogue Special Mode None Game No. 1 Rogue 1 Adventurer 0 Explorer 0 Win Type - Total 0 Types 0/0/0/0/0/0/0/0/0/0 Lore% 0 Gallery% 1 Achievement% 0 Wizard Run 0 Options --------- Layout 1 ASCII 0 Keyboard 1 Movement Arrows Keybinds 0 Fullscreen 1 Font 32/SmallcapsGlow Map View 130x35 Zoom Use 41% Tactical HUD 0 Map Filters NONE Filters NONE Steam 1 RUN: fec7bb6d-b5f4-41bc-b92a-4350e56d6697